cohdb
Replays
Latest Replays
All Replays
Popular Replays
Top Player Replays
Match Explorer
How It Works
Community
CoH3 Stats
Reddit
Sign in to upload your games and track your stats! →
Sign in with Steam
Match 43234567
Unlisted
Match 43234567
Overview
Messages
Build Orders
End
Construct Infanterie Kompanie
Selects Italian Coastal Battlegroup
Selects Coastal Reserves
Coastal Reserve
MG 42 Machine Gun Team
Coastal Reserve
MG 42 Machine Gun Team
MG 42 Bunker
Construct Panzergrenadier Kompanie
Selects Support Bunkers
Support Elements
Selects Designated Artillery Overwatch
Designated Artillery Overwatch
Nebelwerfer 42 Rocket Launcher Team
Nebelwerfer 42 Rocket Launcher Team
Medical Station
StuG III G Assault Gun
MG 42 Bunker
Selects Bulwark
HongLang
Paris
Jd577
100% oj addict
Mr.Milkers
Akane Sunset
Pluto
Dr. Pech
0
0
Comments
sign in to comment!
No comments posted yet!